cohdb
Replays
Latest Replays
All Replays
Popular Replays
Top Player Replays
Match Explorer
How It Works
Community
CoH3 Stats
Reddit
Sign in to upload your games and track your stats! →
Sign in with Steam
Match 46611651
Unlisted
Match 46611651
Overview
Messages
Build Orders
End
Vickers Machine Gun Team
Construct Section Command Post
ML 3-inch Mortar Team
Infantry Section
Infantry Section
Construct Platoon Command Post
Humber Armored Car
6-pounder Anti-tank Gun Team
CMP 15cwt Truck
Selects Air and Sea Battlegroup
Selects Supply Surplus
Construct Resource Cache
Construct Resource Cache
Construct Company Command Post
暴力@小野兽
Imperialist
DarlingComeHere
1638765146
mi prima de Cifuentes
GAOJin
Kekw
zerphıus
0
0
Comments
sign in to comment!
No comments posted yet!